 Dungeon Crawl Stone Soup version 0.31-a0-485-gaadceae713 (webtiles) character file.

Game seed: 2763562351158180297

42 senseless the Ducker (level 3, 0/28 HPs)
             Began as a Demonspawn Gladiator on Aug 7, 2023.
             Slain by Natasha (3 damage)
             ... on level 2 of the Dungeon.
             The game lasted 00:01:44 (953 turns).

senseless the Ducker (Demonspawn Gladiator)          Turns: 953, Time: 00:01:45

Health: 0/28       AC:  6    Str: 14    XL:     3   Next: 33%
Magic:  3/3        EV: 11    Int:  9    God:
Gold:   28         SH:  0    Dex: 16    Spells: 2/2 levels left

rFire   . . .        a - +0 long sword
rCold   . . .        (no shield)
rNeg    . . .        i - +0 ring mail
rPois   .            c - +0 helmet
rElec   .            (no cloak)
rCorr   .            (no gloves)
SInv    .            (no boots)
Will    .....        (no amulet)
Stlth   +            (no ring)
HPRegen 0.24/turn    (no ring)
MPRegen 0.08/turn

%: no passive effects
@: no status effects
A: demonic magic 1
a: no special abilities


You were on level 2 of the Dungeon.
You visited 1 branch of the dungeon, and saw 2 of its levels.

You collected 28 gold pieces.

Inventory:

Hand Weapons
 a - a +0 long sword (weapon)
Missiles
 d - 3 throwing nets (quivered)
 e - a javelin
Armour
 b - a +0 leather armour
 c - a +0 helmet (worn)
 g - a +0 hat
 i - a +0 ring mail (worn)
Talismans
 f - a beast talisman
Scrolls
 h - a scroll of immolation {unknown}
Potions
 j - a potion of curing {unknown}
 k - a potion of invisibility {unknown}


   Skills:
 + Level 2.5 Fighting
 + Level 3.1 Long Blades
 + Level 2.2 Throwing
 + Level 3.1 Dodging


You had 2 spell levels left.
You didn't know any spells.
Your spell library contained the following spells:

 Spells                   Type           Power      Damage    Failure   Level
 Sublimation of Blood     Necr           0%         N/A       77%         2
 Wereblood                Tmut           0%         N/A       77%         2
 Summon Hydra             Summ           0%         N/A       100%        7


Dungeon Overview and Level Annotations

Branches:
Dungeon (2/15)

Altars:

Annotations:
D:2 Natasha


Innate Abilities, Weirdness & Mutations

Spells you cast may paralyse adjacent enemies.


Message History

Natasha howls an incantation.
You feel troubled.
You miss the adder.
The adder is lightly wounded.
The adder misses you. The adder bites you but does no damage.
You hit the adder.
The adder is heavily wounded.
The adder barely misses you.
Natasha casts a spell.
You hit the adder.
The adder is almost dead.
The adder bites you. Natasha claws you. The adder bites you but does no damage.
The cerulean imp hits you from afar with a +1 spear.
You slash Natasha!
Natasha is severely wounded.
Natasha barely misses you. The adder barely misses you.
The cerulean imp hits you from afar with a +1 spear.
You miss the adder.
The adder is almost dead.
The adder bites you. Natasha barely misses you.
The cerulean imp hits you but does no damage.
The adder bites you but does no damage. Natasha closely misses you.
You slash the adder!
You kill the adder!
The cerulean imp closely misses you. Natasha claws you.
You miss Natasha.
Natasha is severely wounded.
The cerulean imp closely misses you. Natasha claws you.
The cerulean imp hits you from afar with a +1 spear.
* * * LOW HITPOINT WARNING * * *
You hit Natasha.
Natasha is severely wounded.
Natasha mumbles some strange words.
The cerulean imp misses you.
You closely miss Natasha.
Natasha is severely wounded.
Natasha claws you.
* * * LOW HITPOINT WARNING * * *
The cerulean imp barely misses you. Natasha claws you.
You die...

#.######
#.#....#
#......#####
#...........
#.##...#### # #
#....### ##
#....'.## #. ..
...#.#+#....#..#
#.##.
#P....@.#+###.#
#.##. ......h).#
#.# #.# .
.####.55.# #.##
#.### ....#.#
#..####.#.<
.....#.#
##...##....
.......+.#
###.#...#.
#.....%###
#......^ ######.
##..#### ##>....


You could see Natasha and 2 cerulean imps.

Vanquished Creatures
  An adder (D:2)
  A dart slug (D:2)
  3 ball pythons (D:1)
  4 endoplasms (D:1)
  3 giant cockroaches (D:1)
  6 hobgoblins
  2 quokkas (D:1)
  2 bats (D:1)
  A frilled lizard (D:2)
  2 kobolds (D:1)
  3 rats (D:1)
28 creatures vanquished.

Notes
Turn   | Place    | Note
-------+----------+-------------------------------------------
     0 | D:1      | senseless the Demonspawn Gladiator began the quest for the
                  | Orb.
     0 | D:1      | Reached XP level 1. HP: 16/16 MP: 1/1
   414 | D:1      | Gained mutation: Spells you cast may paralyse adjacent
                  | enemies. [demonic ancestry]
   414 | D:1      | Reached XP level 2. HP: 21/22 MP: 2/2
   892 | D:2      | Reached XP level 3. HP: 27/28 MP: 3/3
   942 | D:2      | Noticed Natasha
   953 | D:2      | Slain by Natasha

Illustrated notes

Levels and vault maps discovered:
D:1:      saegor_arrival_under_anarchy, layout_basic
D:2:      cheibrodos_old_hovel, layout_basic, uniq_natasha

Skill      XL: |  1  2 |
---------------+-------+-----
Throwing       | 2 |  2.2
Dodging        | 3 |  3.1
Long Blades    | 3 |  3.1
Fighting       | |  2.5

Action                     || total
---------------------------++-------
  Melee: Long sword        ||    88
 Armour: Leather armour    ||    22
         Ring mail         ||     8
  Dodge: Dodged            ||    61

Table legend: (Time is in decaauts)
 A = Elapsed time spent in this place.
 B = Non-inter-level travel time spent in this place.
 C = Inter-level travel time spent in this place.
 D = Time resting spent in this place.
 E = Time spent auto-exploring this place.
 F = Levels seen in this place.
 G = Mean time per level.
                   A        B        C        D        E       F      G
               +--------+--------+--------+--------+--------+-----+--------+
         Total |    974 |    958 |     16 |      0 |    735 |   2 |  487.0 |
       Dungeon |    974 |    958 |     16 |      0 |    735 |   2 |  487.0 |
               +--------+--------+--------+--------+--------+-----+--------+

Top non-repeatable levels by time:
     D:1: 905 daAuts
     D:2: 69 daAuts
